AoeStats
← CroCkeR

African Clearing

506460270Analyzed
3v3 RM · 19d ago on Sep 13, 2026· 43m 17s· 6 players
Game mode
Random Map
Map size
Normal (6 player)
Population
200
Speed
Normal
Resources
Standard
Victory
Conquest
Starting age
Dark Age
Ending age
Imperial Age
RankedLock teamsTeams togetherTeam positionsShared explorationLock speedFull tech treeHidden civsTurbo modeCheats
Victory
Defeat
🇨🇭 Spanish · Switzerland
1460
+12
🇨🇭 Berbers · Switzerland
1443
+13
🇨🇭 Armenians · Switzerland
1370
+16
🇩🇪 Teutons · Germany
1429
-15
🇧🇴 Byzantines · Bolivia
1351
-13
🇫🇷 Maya · France
1346
-13
CroCkeR
3:51 Loom
14:15 Feudal Age
18:21 Castle Age
16:05 Horse Collar
16:23 Double-Bit Axe
17:52 Scale Barding Armor
20:34 Forging
24:28 Iron Casting
26:10 Chain Barding Armor
26:48 Bloodlines
29:42 Bow Saw
32:08 Iron Casting
33:47 Wheelbarrow
40:05 Hand Cart
39:35 Town Watch
Coquelicot
8:59 Loom
11:54 Feudal Age
12:30 Double-Bit Axe
14:14 Fletching
22:18 Castle Age
20:27 Horse Collar
21:42 Gold Mining
22:34 Forging
22:23 Crossbowman
23:01 Bodkin Arrow
28:54 Wheelbarrow
28:55 Iron Casting
27:58 Eagle Warrior
28:39 Scale Mail Armor
30:34 Bow Saw
33:17 Heavy Plow
34:05 Town Watch
38:06 Hand Cart
38:07 Chain Mail Armor
39:47 Elite Skirmisher
41:04 Ballistics
42:02 Thumb Ring
yecjoel
12:12 Feudal Age
12:45 Double-Bit Axe
13:22 Loom
22:01 Castle Age
21:14 Horse Collar
22:05 Elite Skirmisher
23:23 Bow Saw
26:07 Fletching
28:02 Ballistics
29:06 Redemption
32:36 Bodkin Arrow
33:48 Wheelbarrow
joylettuce
12:25 Loom
15:07 Feudal Age
19:01 Castle Age
18:03 Stone Mining
17:58 Double-Bit Axe
18:11 Gold Mining
18:06 Double-Bit Axe
23:14 Fletching
24:26 Bodkin Arrow
37:42 Wheelbarrow
46:10 Imperial Age
ZISI-LEE
11:33 Loom
13:43 Feudal Age
17:47 Castle Age
18:30 Double-Bit Axe
19:36 Bow Saw
29:47 Fletching
33:48 Wheelbarrow
33:21 Bodkin Arrow
33:56 Gold Mining
34:22 Padded Archer Armor
36:06 Hand Cart
42:30 Imperial Age
40:49 Ballistics
42:33 Bloodlines
43:44 Conscription
43:30 Bracer
KNAUROS
12:41 Feudal Age
12:34 Loom
14:16 Double-Bit Axe
18:29 Fletching
21:46 Castle Age
20:51 Padded Archer Armor
25:01 Bodkin Arrow
24:47 Elite Skirmisher
30:20 Leather Archer Armor
36:00 Bloodlines
35:51 Husbandry
36:19 Horse Collar
37:31 Sanctity
38:27 Wheelbarrow
39:33 Hand Cart
39:38 Bow Saw
43:49 Imperial Age
41:30 Heavy Plow
42:33 Ballistics
43:14 Redemption
43:23 Fervor
Connection lost

Rejoining the realm…

Still unreachable

The connection could not be restored.

Session expired

The server has moved on; the page needs a fresh start.